 Dungeon Crawl Stone Soup version 0.22.1-1-ga44c0e56f4 (webtiles) character file.

185017 LLavrengius the Unseen (level 17, 0/91 HPs)
             Began as a Spriggan Enchanter on Oct 18, 2018.
             Was an Initiate of Gozag.
             Shot with an arrow by Vashnia (36 damage)
             ... on level 3 of the Snake Pit on Oct 19, 2018.
             The game lasted 05:27:21 (49183 turns).

LLavrengius the Unseen (Spriggan Enchanter)        Turns: 49183, Time: 05:27:22

Health: 0/91       AC:  7    Str: 10    XL:     17   Next: 79%
Magic:  40/45      EV: 30    Int: 25    God:    Gozag
Gold:   1009       SH:  8    Dex: 22    Spells: 6/42 levels left

rFire    + + +     SeeInvis +   s - +6 dagger of Quinn {flame, rElec rF+++ Int+3 Dex-2}
rCold    + + .     Gourm    .   H - +0 buckler
rNeg     + + .     Faith    .   y - +2 robe "Visaj" {rPois Dex+4 Stlth+}
rPois    +         Spirit   .   o - +3 hat of Pondering {ponderous, MR+ MP+10 Int+5}
rElec    +         Reflect  .   N - scarf {rC+ rF+}
rCorr    .         Harm     .   (gloves unavailable)
MR       +++..                  (boots unavailable)
Stlth    +++++++++.             Y - amulet of Xohydevu {Acrobat rN++ Str+3}
HPRegen  0.25/turn              z - ring "Deit" {rPois rF- rC+ Stlth+}
MPRegen  0.29/turn              x - ring of stealth

@: about to teleport, very quick
A: very small, unfitting armour, see invisible, herbivore, speed 3, slow
metabolism 2
a: Potion Petition, Call Merchant, Bribe Branch, Renounce Religion


You were on level 3 of the Snake Pit.
You worshipped Gozag.
Gozag was most pleased with you.
You were not hungry.

You visited 7 branches of the dungeon, and saw 31 of its levels.
You also visited: Labyrinth, Ice Cave and Volcano.

You collected 10862 gold pieces.
You spent 8006 gold pieces at shops.
You paid 1847 gold pieces to Gozag.

Inventory:

Hand Weapons
 s - the +6 dagger of Quinn (weapon) {flame, rElec rF+++ Int+3 Dex-2}
   (You found it in a labyrinth)

   It has been specially enchanted to burn those struck by it, causing extra
   injury to most foes and up to half again as much damage against particularly
   susceptible opponents.
   It affects your intelligence (+3).
   It affects your dexterity (-2).
   It renders you almost immune to fire.
   It insulates you from electricity.
 F - the +5 fustibalus "Sibett" {freeze, MR+ Stlth+}
   (You took it off a naga on level 2 of the Snake Pit)

   It causes projectiles fired from it to freeze those they strike, causing
   extra injury to most foes and up to half again as much damage against
   particularly susceptible opponents.
   They can also slow down cold-blooded creatures.
   It affects your resistance to hostile enchantments.
   It makes you more stealthy.
Missiles
 f - 716 stones (quivered)
 n - 180 sling bullets
 P - 1042 arrows
Armour
 b - a +2 robe of cold resistance
 o - the +3 hat of Pondering (worn) {ponderous, MR+ MP+10 Int+5}
   (You found it on level 15 of the Dungeon)

   It affects your intelligence (+5).
   It affects your resistance to hostile enchantments.
   It affects your magic capacity (+10).
 y - the +2 robe "Visaj" (worn) {rPois Dex+4 Stlth+}
   (You acquired it on level 14 of the Dungeon)

   It affects your dexterity (+4).
   It protects you from poison.
   It makes you more stealthy.
 H - a +0 buckler (worn)
 N - a scarf of resistance (worn)
Jewellery
 h - a +3 ring of slaying
 m - the ring "Ceoggar" {rElec rC+ MP+9 Int+7 Stlth-}
   (You took it off a minotaur in a labyrinth)

   [ring of magical power]

   It affects your intelligence (+7).
   It protects you from cold.
   It insulates you from electricity.
   It affects your magic capacity (+9).
   It makes you less stealthy.
 r - an uncursed ring of resist corrosion
 x - a ring of stealth (right hand)
 z - the ring "Deit" (left hand) {rPois rF- rC+ Stlth+}
   (You bought it in a shop on level 1 of the Orcish Mines)

   [ring of protection from cold]

   It makes you vulnerable to fire.
   It protects you from cold.
   It protects you from poison.
   It makes you more stealthy.
 C - a +3 ring of strength
 L - an uncursed ring of protection from cold
 M - an uncursed ring of fire
 U - a +2 ring of intelligence
 Y - the amulet of Xohydevu (around neck) {Acrobat rN++ Str+3}
   (You bought it in a shop on level 2 of the Elven Halls)

   [amulet of the acrobat]

   It helps you evade while moving and waiting.
   It affects your strength (+3).
   It greatly protects you from negative energy.
Wands
 E - a wand of iceblast (54)
 S - a wand of digging (23)
 W - a wand of acid (35)
Scrolls
 a - 2 scrolls of vulnerability
 c - 17 scrolls of remove curse
 i - 8 scrolls of teleportation
 k - 6 scrolls of amnesia
 p - 5 scrolls of magic mapping
 A - 4 scrolls of fog
 O - 4 scrolls of identify
 Q - 2 scrolls of silence
 R - 4 scrolls of blinking
 T - 3 scrolls of fear
Potions
 g - 6 potions of invisibility
 j - 8 potions of haste
 l - 12 potions of curing
 q - 7 potions of might
 t - 5 potions of lignification
 u - 4 potions of heal wounds
 v - a potion of flight
 w - 2 potions of resistance
 B - 2 potions of berserk rage
 G - 3 potions of brilliance
 I - 7 potions of mutation
 J - 5 potions of magic
 K - 7 potions of agility
 X - a potion of ambrosia
 Z - 3 potions of cancellation
Miscellaneous
 e - a lightning rod (4/4)
 D - a fan of gales
 V - 2 boxes of beasts
Comestibles
 d - 31 rations


   Skills:
 + Level 11.0 Fighting
 + Level 13.9 Short Blades
 - Level 12.0 Slings
 - Level 12.0 Dodging
 + Level 17.2 Stealth
 + Level 5.0 Shields
 + Level 13.2 Spellcasting
 - Level 4.0 Conjurations
 - Level 15.0 Hexes
 - Level 4.0 Charms
 - Level 4.0 Translocations
 - Level 8.1 Transmutations
 - Level 2.0 Fire Magic
 - Level 6.0 Ice Magic
 - Level 4.0 Evocations


You had 6 spell levels left.
You knew the following spells:

 Your Spells              Type           Power        Failure   Level  Hunger
a - Tukima's Dance        Hex            #######.     1%          3    None
b - Ensorcelled Hibernat  Hex/Ice        ######       1%          2    None
c - Confuse               Hex            #######.     1%          3    None
d - Dazzling Spray        Conj/Hex       ######       1%          3    None
e - Swiftness             Chrm/Air       ####....     2%          2    None
f - Apportation           Tloc           #####.       1%          1    None
g - Summon Butterflies    Summ           ###.....     4%          1    None
h - Invisibility          Hex            #######.     1%          6    #####..
i - Cause Fear            Hex            #######...   1%          4    None
j - Spider Form           Tmut/Pois      #####.....   2%          3    None
k - Sticks to Snakes      Tmut           ######..     1%          2    None
l - Throw Flame           Conj/Fire      ####..       1%          2    None
m - Lesser Beckoning      Tloc           #####.....   2%          3    None
n - Freeze                Ice            ####         1%          1    None

Your spell library contained the following spells:

 Spells                   Type           Power        Failure   Level  Hunger
 Corona                   Hex            #######      0%          1    None
 Slow                     Hex            #######.     0%          2    None
 Beastly Appendage        Tmut           ######       1%          1    None
 Flame Tongue             Conj/Fire      ####.        1%          1    None
 Magic Dart               Conj           ####         1%          1    None
 Blink                    Tloc           N/A          1%          2    None
 Passwall                 Tmut/Erth      #####...     1%          2    None
 Searing Ray              Conj           #####.       1%          2    None
 Throw Frost              Conj/Ice       #####.       1%          2    None
 Inner Flame              Hex/Fire       ######..     1%          3    None
 Ozocubu's Armour         Chrm/Ice       #####...     1%          3    None
 Portal Projectile        Hex/Tloc       ######       1%          3    None
 Fulminant Prism          Conj/Hex       ######....   1%          4    None
 Leda's Liquefaction      Hex/Erth       ######....   1%          4    None
 Ice Form                 Ice/Tmut       ######..     2%          4    None
 Conjure Flame            Conj/Fire      ####....     3%          3    None
 Animate Skeleton         Necr           N/A          4%          1    None
 Pain                     Necr           ###.         4%          1    None
 Sandblast                Erth           ###...       4%          1    None
 Summon Small Mammal      Summ           ###.         4%          1    None
 Blade Hands              Tmut           ######....   4%          5    ###....
 Regeneration             Chrm/Necr      ####......   5%          3    None
 Stone Arrow              Conj/Erth      ####..       5%          3    None
 Throw Icicle             Conj/Ice       #####...     5%          4    None
 Call Imp                 Summ           ###.....     6%          2    None
 Mephitic Cloud           Conj/Pois/Air  ###.....     7%          3    None
 Force Lance              Conj/Tloc      #####...     8%          4    None
 Iskenderun's Mystic Bla  Conj           #####...     8%          4    None
 Petrify                  Tmut/Erth      #####...     8%          4    None
 Call Canine Familiar     Summ           ###.....     12%         3    None
 Vampiric Draining        Necr           ###.......   12%         3    None
 Sticky Flame             Conj/Fire      ####....     12%         4    None
 Summon Ice Beast         Ice/Summ       ####....     12%         4    None
 Alistair's Intoxication  Tmut/Pois      #####...     22%         5    ###....
 Fireball                 Conj/Fire      ####......   32%         5    ###....
 Animate Dead             Necr           N/A          38%         4    None
 Lee's Rapid Deconstruct  Erth           ###.......   75%         5    ###....
 Simulacrum               Ice/Necr       ####......   88%         6    #####..
 Malign Gateway           Summ/Tloc      ####......   100%        7    ######.


Dungeon Overview and Level Annotations

Branches:
Dungeon (15/15)            Temple (1/1) D:6            Lair (6/6) D:11
 Shoals (2/4) Lair:2        Snake (3/4) Lair:2        Slime (0/5) Lair:6
    Orc (2/2) D:11            Elf (2/3) Orc:2        Vaults (0/5) D:14
 Depths (0/5) D:15

Altars:
Ashenzari
Cheibriados
Dithmenos
Elyvilon
Fedhas
Gozag
Hepliaklqana
Kikubaaqudgha
Makhleb
Nemelex Xobeh
Okawaru
Qazlal
Ru
Sif Muna
Trog
Uskayaw
Vehumet
Wu Jian
Xom
Yredelemnul
Zin
The Shining One

Shops:
D:5 :   D:14 !=   Orc:1 =   Orc:2 ![!*}   Elf:2 =   Shoals:1 [   Snake:2 %%

Annotations:
D:3 2 runed doors, stillor's ghost, weakling TrMo
Lair:6 3 runed doors, Venard's ghost, journeyman MfSk
Shoals:2 3 runed doors, Ilsuiw; Xuuwnil's ghost, adept HOFE
Snake:3 Vashnia


Innate Abilities, Weirdness & Mutations

You are very small and have problems with some larger weapons.
You are too small for most types of armour.
You have supernaturally acute eyesight. (SInv)
You are a herbivore.
You cover ground extremely quickly.
You need to consume almost no food.


Message History

Aiming: Tukima's Dance (safe; 1% risk of failure)
Press: ? - help, Shift-Dir - straight line, f/p - Vashnia
Aim: Vashnia, wielding a war axe of chopping and wearing a glowing naga barding Vashnia resists with almost no effort.
Vashnia unwields an uncursed war axe of chopping.
Vashnia wields an uncursed longbow of flaming.
It bursts into flame!
Vashnia shoots an arrow.
The arrow misses you.
You hit Vashnia but do no damage. You closely miss Vashnia.
Vashnia shoots an arrow.
The arrow hits you!!
You barely miss Vashnia. You closely miss Vashnia. You miss Vashnia.
Vashnia casts a spell.
Vashnia magically shoots an arrow.
The arrow hits you!! The arrow burns you.
As you read the scroll of teleportation, it crumbles to dust.
You feel strangely unstable.
Vashnia casts a spell.
Vashnia magically shoots an arrow.
The arrow hits you!!!
You die...
Your body crumbles into a pile of gold.

#.............# #..# ##
#.............## ##.## ###
.##########....## #..# ##.. ##
#.....## #..# ###... # ##.....##
#..####...##
#......####.......###
###.......##.).....##
##########...................##
...............N@.............##
...............#.....)...##....##
..#########....##.....).#####....
#.## #...# ##.....#### ##... #..#
#... #.....##.# ##.. ##.## #...#
#.....##.# #.#. #..## #...#
#.....##.####.## ##..# #...##
#............... #..## ....#
#......#..###...


You could see Vashnia.

Vanquished Creatures
  A frost giant (D:15)
  A deep elf demonologist (Elf:1)
  2 minotaurs
  2 deep elf death magi (Elf:2)
  A merfolk javelineer (Shoals:2)
  2 merfolk impalers (Shoals:1)
  A fire dragon (D:15)
  Fannar (Orc:1)
  Josephine (Orc:1)
  3 naga warriors (Snake:2)
  5 centaur warriors
  A rakshasa (D:13)
  The ghost of Bafeivaq the Purveyor of Pain, a journeyman DsWz of Kikubaaqudgha (Lair:2)
  Erica (D:10)
  8 hydras
  8 anacondas
  An alligator snapping turtle (Shoals:2)
  A merfolk aquamancer (Shoals:1)
  A merfolk avatar (Shoals:1)
  5 two-headed ogres
  2 ogre magi
  The ghost of Pynuxef the Blocker, a journeyman GrFi of Okawaru (Lair:3)
  A satyr (Shoals:2)
  4 orc high priests (Orc:2)
  6 death yaks (D:11)
  A tengu warrior (D:15)
  A shock serpent (Snake:3)
  9 naga sharpshooters
  Sonja (Orc:1)
  10 deep elf knights
  7 skeletal warriors
  6 sea snakes
  2 unseen horrors
  A naga ritualist (Snake:1)
  5 deep elf archers
  2 anaconda skeletons (Volcano)
  17 harpies
  A wizard (D:15)
  A harpy (shapeshifter) (Elf:1)
  A necromancer (IceCv)
  3 orc knights
  A lindwurm (Lair:3)
  2 orc sorcerers
  4 manticores
  47 deep elf magi
  4 mana vipers
  4 cyclopes
  8 salamanders
  3 fauns (Shoals:1)
  6 ugly things
  15 black mambas
  An ice statue (IceCv)
  4 merfolk sirens
  6 elephants
  A guardian serpent (Snake:2)
  7 naga magi
  A black mamba (shapeshifter) (D:15)
  A torpor snail (Lair:5)
  17 spiny frogs
  8 gargoyles
  3 rime drakes
  2 ice devils (Lair:5)
  10 freezing wraiths (IceCv)
  2 efreet (D:15)
  6 komodo dragons
  A yaktaur (D:15)
  5 trolls
  2 tengu conjurers
  2 polar bears (Lair:5)
  A dancing weapon (D:14)
  A troll (shapeshifter) (D:15)
  A harpy zombie (D:15)
  A wind drake (Shoals:1)
  3 hornets
  A queen bee (D:9)
  A wolf spider simulacrum (IceCv)
  8 blink frogs
  A harpy skeleton (Volcano)
  7 merfolk
  9 hippogriffs
  8 dream sheep
  15 slime creatures
  A meliai zombie (D:13)
  2 snapping turtles
  An air elemental (Elf:2)
  3 flying skulls (Volcano)
  2 shadows
  11 water elementals
  A spriggan (D:8)
  23 yaks
  A wyvern (D:15)
  Eustachio (D:5)
  4 fire elementals
  A hog (shapeshifter) (D:14)
  2 redbacks (Lab)
  4 wraiths
  Grum (D:8)
  7 basilisks
  A hungry ghost (D:15)
  A death yak simulacrum (IceCv)
  A warg (D:11)
  19 nagas
  A soldier ant (D:13)
  15 water moccasins
  8 porcupines
  14 ice beasts
  An alligator simulacrum (IceCv)
  2 black bears
  29 orc warriors
  An eye of draining (D:11)
  3 sky beasts
  15 ogres
  2 necrophages
  2 phantoms
  13 wolves
  22 centaurs
  12 crocodiles
  2 big kobolds
  21 bullfrogs
  An earth elemental (Elf:1)
  A gnoll sergeant (D:5)
  3 scorpions
  39 killer bees
  18 wights
  4 electric eels (Lair:5)
  14 crimson imps
  A bullfrog zombie (D:11)
  5 draconian simulacra (IceCv)
  10 jellies
  2 quasits
  40 orc priests
  9 hounds
  3 bullfrog skeletons
  5 centaur skeletons
  6 iguanas
  34 orc wizards
  5 troll simulacra (IceCv)
  11 worker ants
  A spriggan simulacrum (IceCv)
  A polar bear simulacrum (IceCv)
  A killer bee zombie (D:8)
  2 centaur simulacra (IceCv)
  2 naga skeletons (Volcano)
  A hound zombie (D:5)
  3 hound skeletons
  A howler monkey zombie (D:10)
  15 gnolls
  14 adders
  3 naga simulacra (IceCv)
  4 ogre simulacra (IceCv)
  5 shadow imps
  12 white imps (IceCv)
  An ooze (D:5)
  An adder skeleton (D:4)
  3 worms (D:2)
  A dart slug (D:5)
  4 leopard geckos
  98 orcs
  4 giant cockroaches
  4 goblins
  10 hobgoblins
  16 jackals
  17 kobolds
  7 quokkas
  4 ball pythons
  9 bats
  8 frilled lizards
  A jackal skeleton (D:5)
  6 rats
  A fungus (Lair:5)
1080 creatures vanquished.

Vanquished Creatures (collateral kills)
  2 deep elf knights (Elf:2)
  An orc (D:14)
3 creatures vanquished.

Vanquished Creatures (others)
  26 dancing weapons
  A centaur (D:15)
  4 bushes (D:15)
  9 fungi
  32 plants
72 creatures vanquished.

Grand Total: 1155 creatures vanquished

Notes
Turn   | Place    | Note
-------+----------+-------------------------------------------
     0 | D:1      | LLavrengius the Spriggan Enchanter began the quest for the
                  | Orb.
     0 | D:1      | Reached XP level 1. HP: 9/9 MP: 5/5
   413 | D:1      | Reached XP level 2. HP: 13/13 MP: 6/6
   417 | D:1      | Learned a level 2 spell: Ensorcelled Hibernation
  1073 | D:1      | Reached skill level 5 in Stealth
  1073 | D:1      | Reached XP level 3. HP: 16/16 MP: 2/8
  2194 | D:2      | Reached XP level 4. HP: 21/21 MP: 0/9
  2202 | D:2      | Learned a level 3 spell: Confuse
  2270 | D:2      | Reached skill level 5 in Hexes
  2792 | D:2      | HP: 1/21 [gnoll/halberd of freezing (5)]
  3363 | D:2      | Reached XP level 5. HP: 6/24 MP: 2/10
  4553 | D:3      | Reached skill level 6 in Stealth
  5020 | D:3      | Found a large runed door.
  5036 | D:3      | Reached XP level 6. HP: 28/28 MP: 7/12
  5043 | D:3      | Found a large runed door.
  5050 | D:3      | Noticed stillor's ghost (weakling TrMo)
  6177 | D:4      | Found a blossoming altar of Fedhas.
  6561 | D:4      | Found a transporter.
  6597 | D:4      | Found a glowing golden altar of the Shining One.
  6899 | D:4      | Reached XP level 7. HP: 24/32 MP: 14/14
  7176 | D:4      | Found a sacrificial altar of Ru.
  7176 | D:4      | Found a burning altar of Makhleb.
  7176 | D:4      | Found a snail-covered altar of Cheibriados.
  7176 | D:4      | Found a transporter.
  7904 | D:5      | Entered Level 5 of the Dungeon
  8095 | D:5      | Reached skill level 5 in Spellcasting
  8174 | D:5      | Noticed Eustachio
  8189 | D:5      | Found a shattered altar of Ashenzari.
  8193 | D:5      | Killed Eustachio
  8231 | D:5      | Reached skill level 5 in Short Blades
  8231 | D:5      | Reached XP level 8. HP: 36/36 MP: 16/16
  8333 | D:5      | Found Udisoh Tamn's Book Emporium.
  8735 | D:5      | Reached skill level 10 in Hexes
  9799 | D:6      | Found a staircase to the Ecumenical Temple.
  9841 | Temple   | Entered the Ecumenical Temple
 10003 | Temple   | Became a worshipper of Gozag Ym Sagoz the Greedy
 10486 | D:7      | Reached XP level 9. HP: 38/38 MP: 14/17
 10571 | D:7      | Identified the Tome of Protection and the Glacier
 10805 | D:7      | Reached skill level 1 in Fighting
 11049 | D:7      | Learned a level 3 spell: Tukima's Dance
 11053 | D:7      | Learned a level 3 spell: Dazzling Spray
 11427 | D:8      | Reached skill level 1 in Ice Magic
 11671 | D:8      | Noticed Grum
 11756 | D:8      | Killed Grum
 12609 | D:9      | Reached XP level 10. HP: 47/47 MP: 23/23
 13259 | D:9      | Reached skill level 7 in Stealth
 13565 | D:9      | Noticed a six-headed hydra
 13584 | D:9      | Killed a six-headed hydra
 13756 | D:9      | Reached skill level 8 in Stealth
 13927 | D:9      | Learned a level 2 spell: Swiftness
 14185 | D:9      | Reached skill level 9 in Stealth
 14449 | D:9      | Reached XP level 11. HP: 54/54 MP: 19/25
 14711 | D:10     | Entered Level 10 of the Dungeon
 14880 | D:9      | Reached skill level 5 in Fighting
 15023 | D:10     | Noticed Erica
 15035 | D:10     | Killed Erica
 15035 | D:10     | Reached skill level 10 in Stealth
 15035 | D:10     | Reached skill level 10 in Spellcasting
 15604 | D:11     | Reached skill level 1 in Charms
 15708 | D:5      | Bought a book of Party Tricks for 650 gold pieces
 15710 | D:5      | Learned a level 1 spell: Apportation
 15712 | D:5      | Learned a level 1 spell: Summon Butterflies
 15719 | D:5      | Learned a level 6 spell: Invisibility
 15719 | D:5      | Bought a book of Changes for 325 gold pieces
 15719 | D:5      | Bought a book of Debilitation for 520 gold pieces
 15724 | D:5      | Learned a level 4 spell: Cause Fear
 15728 | D:5      | Learned a level 3 spell: Spider Form
 15731 | D:5      | Learned a level 2 spell: Sticks to Snakes
 15962 | D:10     | Reached skill level 10 in Short Blades
 16022 | D:11     | Found a staircase to the Orcish Mines.
 16048 | D:11     | Noticed a death yak
 16050 | D:11     | Noticed a death yak
 16056 | D:11     | Reached skill level 1 in Transmutations
 16060 | D:11     | Noticed a death yak
 16095 | D:11     | Noticed a death yak
 16189 | D:11     | Noticed a death yak
 16191 | D:11     | Noticed a death yak
 16192 | D:11     | Found a staircase to the Lair.
 16364 | Orc:1    | Entered Level 1 of the Orcish Mines
 16622 | Orc:1    | Noticed Fannar
 16830 | Lair:1   | Entered Level 1 of the Lair of Beasts
 16941 | Lair:1   | Noticed a five-headed hydra
 17057 | Lair:1   | Killed a five-headed hydra
 18015 | Lair:2   | Found a staircase to the Shoals.
 18058 | Lair:2   | Reached skill level 5 in Dodging
 18072 | Lair:2   | Found a staircase to the Snake Pit.
 18086 | Lair:2   | Reached XP level 12. HP: 53/60 MP: 21/27
 18344 | Lair:2   | Found a runed gate.
 18345 | Lair:2   | Found a runed gate.
 18346 | Lair:2   | Found a runed gate.
 18359 | Lair:2   | Noticed a minotaur
 18371 | Lair:2   | Noticed Bafeivaq's ghost (journeyman DsWz)
 19221 | Lair:3   | Noticed a seven-headed hydra
 19232 | Lair:3   | Killed a seven-headed hydra
 19314 | Lair:3   | Found a large runed door.
 19317 | Lair:3   | Found a large runed door.
 19335 | Lair:3   | Noticed Pynuxef's ghost (journeyman GrFi)
 19695 | Lair:3   | Reached skill level 5 in Transmutations
 19789 | Lair:3   | HP: 3/62 [lindwurm/blast of flame (50)]
 20433 | Lair:3   | Noticed a seven-headed hydra
 20441 | Lair:3   | Killed a seven-headed hydra
 20606 | Lair:3   | Killed Pynuxef's ghost
 20746 | Lair:4   | Reached XP level 13. HP: 66/66 MP: 28/28
 21498 | Lair:5   | You fall through a shaft!
 21498 | Lair:6   | Entered Level 6 of the Lair of Beasts
 21504 | Lair:6   | Found a labyrinth entrance.
 21519 | Lab      | Entered a labyrinth
 21782 | Lab      | Noticed a minotaur
 21787 | Lab      | HP: 2/67 [minotaur/morningstar of crushing (13)]
 21821 | Lab      | Killed a minotaur
 21825 | Lab      | Got a pitted bronze ring
 21835 | Lab      | Identified the +6 dagger of Quinn {flame, rElec rF+++ Int+3
                  | Dex-2} (You found it in a labyrinth)
 21840 | Lab      | Identified the ring "Ceoggar" {rElec rC+ MP+9 Int+7 Stlth-}
                  | (You took it off a minotaur in a labyrinth)
 21847 | Lair:6   | Found a runed gate.
 21847 | Lair:6   | Found a runed gate.
 21847 | Lair:6   | Found a runed gate.
 21848 | Lair:6   | Noticed Venard's ghost (journeyman MfSk)
 21907 | Lair:5   | Found a frozen archway.
 21935 | IceCv    | Entered an ice cave
 22397 | IceCv    | Reached skill level 10 in Dodging
 22610 | IceCv    | Learned a level 2 spell: Throw Flame
 23069 | IceCv    | Found an ancient bone altar of Kikubaaqudgha.
 23928 | IceCv    | Reached skill level 1 in Fire Magic
 24431 | Lair:5   | Reached skill level 1 in Conjurations
 25911 | D:11     | Reached XP level 14. HP: 72/72 MP: 21/29
 25945 | D:11     | Reached skill level 11 in Stealth
 25945 | D:11     | Reached skill level 5 in Ice Magic
 26276 | D:11     | Found a white marble altar of Elyvilon.
 26510 | Orc:1    | Killed Fannar
 26594 | Orc:1    | Noticed Josephine
 26606 | Orc:1    | Killed Josephine
 26866 | Orc:1    | Found Tush's Jewellery Boutique.
 26873 | Orc:1    | Bought the ring "Deit" {rPois rF- rC+ Stlth+} for 512 gold
                  | pieces
 26965 | Orc:1    | Noticed Sonja
 26971 | Orc:1    | Killed Sonja
 27207 | Orc:2    | Entered Level 2 of the Orcish Mines
 27229 | Orc:2    | Found a staircase to the Elven Halls.
 27262 | Orc:2    | Found a dark tunnel.
 27267 | Volcano  | Entered a volcano
 29465 | Orc:2    | Learned a level 3 spell: Lesser Beckoning
 29747 | Orc:2    | Found Irykk's Distillery.
 29747 | Orc:2    | Found Xaolaxul's Distillery.
 29748 | Orc:2    | Found Xaorullu's Gadget Boutique.
 29751 | Orc:2    | Found Teeck's Assorted Antiques.
 29871 | Orc:2    | Bought a potion of mutation for 200 gold pieces
 29871 | Orc:2    | Bought a wand of acid (11) for 200 gold pieces
 29871 | Orc:2    | Bought a potion of magic for 200 gold pieces
 29871 | Orc:2    | Bought a potion of magic for 200 gold pieces
 29873 | Orc:2    | Bought a potion of mutation for 104 gold pieces
 29873 | Orc:2    | Bought a potion of mutation for 104 gold pieces
 29873 | Orc:2    | Bought a potion of agility for 52 gold pieces
 29873 | Orc:2    | Bought a potion of heal wounds for 65 gold pieces
 29873 | Orc:2    | Bought a potion of magic for 104 gold pieces
 29873 | Orc:2    | Bought a potion of mutation for 104 gold pieces
 29873 | Orc:2    | Bought a potion of haste for 130 gold pieces
 29875 | Orc:2    | Bought a potion of agility for 64 gold pieces
 29875 | Orc:2    | Bought a potion of curing for 48 gold pieces
 29875 | Orc:2    | Bought 2 potions of curing for 96 gold pieces
 29875 | Orc:2    | Bought a potion of curing for 48 gold pieces
 29875 | Orc:2    | Bought a potion of haste for 160 gold pieces
 29875 | Orc:2    | Bought a potion of haste for 160 gold pieces
 29875 | Orc:2    | Bought a potion of berserk rage for 80 gold pieces
 29875 | Orc:2    | Bought a potion of agility for 64 gold pieces
 29875 | Orc:2    | Bought a potion of haste for 160 gold pieces
 29875 | Orc:2    | Bought a potion of curing for 48 gold pieces
 30002 | Snake:1  | Entered Level 1 of the Snake Pit
 30082 | Snake:1  | Reached skill level 1 in Evocations
 30091 | Snake:1  | Reached skill level 12 in Stealth
 30091 | Snake:1  | Reached skill level 1 in Translocations
 31889 | Lair:2   | Killed Bafeivaq's ghost
 31889 | Lair:2   | Reached XP level 15. HP: 78/78 MP: 28/31
 32959 | Snake:2  | Found Oclui's Food Boutique.
 32964 | Snake:2  | Found Noeraq's Food Shop.
 33912 | Snake:2  | Identified the +5 fustibalus "Sibett" {freeze, MR+ Stlth+}
                  | (You took it off a naga on level 2 of the Snake Pit)
 34655 | Snake:3  | Learned a level 1 spell: Freeze
 34694 | Snake:3  | Noticed Vashnia
 34695 | Snake:3  | Reached skill level 13 in Stealth
 34791 | Snake:3  | HP: 3/79 [poisoned by a naga sharpshooter (splash of
                  | poison)]
 35290 | Shoals:1 | Entered Level 1 of the Shoals
 35309 | Shoals:1 | Found Oliqaf's Antique Armour Emporium.
 35333 | Shoals:1 | Reached skill level 1 in Slings
 35340 | Shoals:1 | Bought a buckler for 117 gold pieces
 35821 | Shoals:1 | Reached skill level 15 in Hexes
 35897 | Shoals:1 | Reached skill level 5 in Slings
 36877 | Shoals:2 | Noticed Ilsuiw
 37797 | Shoals:2 | Found a runed gate.
 37797 | Shoals:2 | Found a runed gate.
 37797 | Shoals:2 | Found a runed gate.
 37798 | Shoals:2 | Noticed Xuuwnil's ghost (adept HOFE)
 37854 | Shoals:2 | Reached skill level 14 in Stealth
 37861 | Shoals:2 | Reached XP level 16. HP: 76/84 MP: 29/33
 38476 | D:12     | Found a shimmering altar of Xom.
 38814 | D:12     | Found a burning altar of Makhleb.
 38816 | D:12     | Found an opulent altar of Gozag.
 38816 | D:12     | Found a shimmering altar of Xom.
 38818 | D:12     | Found a deep blue altar of Sif Muna.
 38818 | D:12     | Found a shattered altar of Ashenzari.
 38818 | D:12     | Found a radiant altar of Vehumet.
 39985 | D:13     | Reached skill level 10 in Slings
 40525 | D:14     | Reached skill level 1 in Shields
 40771 | D:14     | Found Etwom's Jewellery Shoppe.
 40780 | D:14     | Bought an uncursed amulet of guardian spirit for 360 gold
                  | pieces
 40780 | D:14     | Bought a +2 ring of intelligence for 90 gold pieces
 40780 | D:14     | Bought a +3 ring of slaying for 540 gold pieces
 40780 | D:14     | Bought an uncursed amulet of guardian spirit for 360 gold
                  | pieces
 40780 | D:14     | Bought a cursed -3 ring of protection for 24 gold pieces
 40780 | D:14     | Bought an uncursed amulet of the gourmand for 360 gold
                  | pieces
 40780 | D:14     | Bought a cursed amulet of inaccuracy for 24 gold pieces
 40780 | D:14     | Bought an uncursed amulet of the acrobat for 360 gold
                  | pieces
 40865 | D:14     | Found Toukla's Distillery.
 40873 | D:14     | Bought a potion of heal wounds for 75 gold pieces
 40873 | D:14     | Bought a potion of agility for 60 gold pieces
 40873 | D:14     | Bought a potion of heal wounds for 75 gold pieces
 40873 | D:14     | Bought a potion of berserk rage for 75 gold pieces
 40873 | D:14     | Bought a potion of flight for 45 gold pieces
 40873 | D:14     | Bought a potion of heal wounds for 75 gold pieces
 41036 | D:14     | Reached skill level 15 in Stealth
 41427 | D:14     | Found a gate to the Vaults.
 41473 | D:14     | Identified a scroll of acquirement
 41477 | D:14     | Identified the +2 robe "Visaj" {rPois Dex+4 Stlth+} (You
                  | acquired it on level 14 of the Dungeon)
 41558 | D:15     | Entered Level 15 of the Dungeon
 41695 | D:15     | Found the +3 hat of Pondering {ponderous, MR+ MP+10 Int+5}
 42316 | D:15     | Reached skill level 10 in Fighting
 43156 | D:15     | Found a staircase to the Depths.
 43457 | Elf:1    | Entered Level 1 of the Elven Halls
 44174 | Elf:1    | Reached XP level 17. HP: 89/89 MP: 34/34
 44423 | Elf:1    | Reached skill level 16 in Stealth
 44437 | Elf:1    | Identified the Almanac of the Entourage
 44700 | Elf:1    | Found Reifuukk's Jewellery Boutique.
 45772 | Elf:2    | Bought the amulet of Xohydevu {Acrobat rN++ Str+3} for 968
                  | gold pieces
 46636 | Elf:2    | Found a huge runed gate.
 46636 | Elf:2    | Found a huge runed gate.
 46636 | Elf:2    | Found a huge runed gate.
 46636 | Elf:2    | Found a huge runed gate.
 46636 | Elf:2    | Found a huge runed gate.
 47556 | Elf:2    | Reached skill level 17 in Stealth
 48267 | Snake:3  | Reached skill level 5 in Shields
 49183 | Snake:3  | Shot with an arrow by Vashnia

Skill      XL: |  1  2  3  4  5  6  7  8  9 10 11 12 13 14 15 16 17 |
---------------+----------------------------------------------------+-----
Hexes          | 4 5 6 7 8 11 13 14 15 | 15.0
Short Blades   | 2 3 5 6 8 9 10 11 12 13 | 13.9
Stealth        | 5 6 9 10 12 14 15 17 | 17.2
Spellcasting   | 3 4 5 8 9 10 11 12 13 | 13.2
Fighting       | 2 4 5 6 7 8 9 10 11 | 11.0
Ice Magic      | 2 4 6 |  6.0
Dodging        | 5 8 10 11 12 | 12.0
Charms         | 2 4 |  4.0
Transmutations | 1 6 8 |  8.1
Fire Magic     | 2 |  2.0
Conjurations   | 2 3 4 |  4.0
Evocations     | 3 4 |  4.0
Translocations | 2 4 |  4.0
Slings         | 8 12 | 12.0
Shields        | 3 5 |  5.0

Action                   |  1- 3 |  4- 6 |  7- 9 | 10-12 | 13-15 | 16-18 || total
-------------------------+-------+-------+-------+-------+-------+-------++-------
Melee: Dagger            |    89 |   291 |   372 |   336 |   943 |   812 ||  2843
       Unarmed           |       |       |       |       |     2 |       ||     2
 Fire: Hunting sling     |       |       |       |     2 |    28 |       ||    30
       Fustibalus        |       |       |       |       |    14 |       ||    14
Throw: Stone             |     9 |     6 |     2 |    26 |    15 |     6 ||    64
 Cast: Corona            |     6 |     1 |       |       |       |       ||     7
       Ensorcelled Hiber |    27 |    61 |    97 |   224 |   277 |    84 ||   770
       Confuse           |       |    15 |    51 |    46 |   193 |   111 ||   416
       Dazzling Spray    |       |       |     5 |     9 |    55 |    43 ||   112
       Invisibility      |       |       |       |     2 |    12 |    10 ||    24
       Throw Flame       |       |       |       |       |    88 |       ||    88
       Summon Butterflie |       |       |       |       |     3 |       ||     3
       Cause Fear        |       |       |       |       |     1 |       ||     1
       Lesser Beckoning  |       |       |       |       |     1 |       ||     1
       Freeze            |       |       |       |       |     4 |     1 ||     5
       Sticks to Snakes  |       |       |       |       |     4 |       ||     4
       Spider Form       |       |       |       |       |     1 |       ||     1
       Tukima's Dance    |       |       |       |       |       |    30 ||    30
Invok: Call Merchant     |       |       |       |       |     1 |     1 ||     2
Evoke: Wand              |       |       |       |       |     6 |       ||     6
  Use: Scroll            |       |     6 |     4 |    12 |    18 |    11 ||    51
       Potion            |       |       |       |     1 |     9 |       ||    10
 Stab: Sleeping          |    16 |    46 |    76 |   160 |   185 |   141 ||   624
       Confused          |       |     7 |    25 |    28 |   113 |    49 ||   222
       Distracted        |       |     1 |     1 |     2 |     7 |     9 ||    20
       Invisible         |       |       |       |     3 |    48 |    37 ||    88
  Eat: Ration            |     1 |     4 |     7 |     7 |    10 |     8 ||    37
Armor: Robe              |    17 |    11 |    20 |     9 |    19 |    47 ||   123
Dodge: Dodged            |    92 |   178 |   140 |   181 |   532 |   612 ||  1735
Block: Buckler           |       |       |       |       |       |     3 ||     3
